 Dungeon Crawl Stone Soup version 0.27-a0-242-ge0fc76b88b (webtiles) character file.

Game seed: 10956083610197227353

105 Borgoz the Slasher (level 4, -2/38 HPs)
             Began as a Ghoul Gladiator on Feb 2, 2021.
             Slain by a gnoll
             ... wielding a +0 club
              (3 damage)
             ... on level 2 of the Dungeon.
             The game lasted 00:02:12 (1762 turns).

Borgoz the Slasher (Ghoul Gladiator)                Turns: 1762, Time: 00:02:13

Health: -2/38      AC:  4    Str: 17    XL:     4   Next: 83%
Magic:  3/3        EV: 13    Int:  3    God:
Gold:   56         SH:  0    Dex: 11    Spells: 3/3 levels left

rFire    . . .     SeeInvis .   a - +0 long sword
rCold    + . .     Faith    .   (no shield)
rNeg     + + +     Spirit   .   b - +0 leather armour
rPois    ∞         Reflect  .   j - +1 hat
rElec    .         Harm     +   o - scarf {harm}
rCorr    .         Rampage  .   (no gloves)
Will     .....                  (no boots)
Stlth    +.........             n - amulet of the acrobat
HPRegen  0.00/turn              (no ring)
MPRegen  0.08/turn              (no ring)

@: brilliant
A: claws 1, cold resistance 1, negative energy resistance 3, inhibited
regeneration, torment resistance, unbreathing
a: no special abilities


You were on level 2 of the Dungeon.
You visited 1 branch of the dungeon, and saw 2 of its levels.

You collected 56 gold pieces.

Inventory:

Hand Weapons
 a - a +0 long sword (weapon)
Missiles
 d - 3 throwing nets (quivered)
Armour
 b - a +0 leather armour (worn)
 j - a +1 hat (worn)
 o - a scarf of harm (worn)
Jewellery
 n - an amulet of the acrobat (around neck)
Scrolls
 e - 2 scrolls of random uselessness {unknown}
 h - 2 scrolls of remove curse {unknown}
 k - a scroll of teleportation {unknown}
 l - a scroll of identify {unknown}
 p - a scroll of fog {unknown}
Potions
 f - a potion of cancellation {unknown}
 i - a potion of might {unknown}
 m - a potion of degeneration {unknown}


   Skills:
 + Level 3.0 Fighting
 * Level 3.5 Long Blades
 - Level 1.7 Throwing
 + Level 1.2 Armour
 * Level 3.5 Dodging


You had 3 spell levels left.
You didn't know any spells.
Your spell library was empty.

Dungeon Overview and Level Annotations

Branches:
Dungeon (2/15)

Altars:
Fedhas


Innate Abilities, Weirdness & Mutations

You thrive by killing the living.
You are immune to poison.
You have sharp fingernails.
Your flesh is cold resistant. (rC+)
You are immune to negative energy. (rN+++)
You do not regenerate when monsters are visible.
You are immune to unholy pain and torment.
You can survive without breathing.


Message History

The gnoll misses you.
You riposte.
You barely miss the gnoll. You hit the gnoll.
The gnoll is severely wounded.
The gnoll hits you but does no damage.
The gnoll hits you from afar with a +0 halberd!
* * * LOW HITPOINT WARNING * * *
The gnoll closely misses you.
You are too injured to fight recklessly!
It was a potion of brilliance.
You feel clever all of a sudden.
The gnoll barely misses you. x2; You riposte.
You hit the gnoll.
The gnoll is heavily wounded.
The gnoll hits you from afar with a +0 halberd.
* * * LOW HITPOINT WARNING * * *
A frilled lizard comes into view.
It was a potion of berserk rage.
You cannot raise a blood rage in your lifeless body.
The frilled lizard hisses angrily.
The gnoll hits you with a +0 club.
You die...

#.#.#..........[...##
#.#.#.#.###......†.#
#.#.#.... +........#
#)#.#.## ##........#
#.#.####..#........#
#.#.#... .......####
#####.#.#†# #(.####.#
#.........# .#. ..#
##.....g@g#
#.....#†## ##.##.#g#
#. #.#S# #. #.#[# #.
#.#.# #.... #...l


You could see 3 gnolls, an adder and a frilled lizard.

Vanquished Creatures
  A gnoll (D:2)
  3 adders (D:2)
  An adder zombie (D:2)
  4 dart slugs
  3 bats
  9 hobgoblins
  3 jackals (D:1)
  9 kobolds
  A quokka (D:2)
  A ball python (D:1)
  A frilled lizard (D:1)
  9 goblins
  13 rats
58 creatures vanquished.

Notes
Turn   | Place    | Note
-------+----------+-------------------------------------------
     0 | D:1      | Borgoz the Ghoul Gladiator began the quest for the Orb.
     0 | D:1      | Reached XP level 1. HP: 17/17 MP: 0/0
   129 | D:1      | Reached XP level 2. HP: 11/24 MP: 1/1
   567 | D:1      | Reached XP level 3. HP: 30/30 MP: 2/2
  1295 | D:2      | Found a blossoming altar of Fedhas.
  1354 | D:2      | Reached skill level 1 in Armour
  1354 | D:2      | Reached XP level 4. HP: 12/37 MP: 3/3
  1761 | D:2      | HP: 1/38 [gnoll/+0 halberd (7)]
  1762 | D:2      | Slain by a gnoll

Illustrated notes

Levels and vault maps discovered:
D:1:      sevenhm_arrival_forest_fort_large_1, layout_rooms
D:2:      wander_river, layout_basic, fedhas_altar_1

Skill      XL: |  1  2  3  4 |
---------------+-------------+-----
Long Blades    | 3 |  3.5
Dodging        | 3 |  3.5
Armour         | 1 |  1.2
Fighting       | 3 |  3.0
Throwing       | |  1.7

Action                   |  1- 3 |  4- 6 || total
-------------------------+-------+-------++-------
Melee: Long sword        |   111 |    36 ||   147
  Use: Potion            |       |     2 ||     2
Armor: Leather armour    |    31 |     7 ||    38
Dodge: Dodged            |    76 |    37 ||   113
       Rpst.: Long sword |    17 |    17 ||    34

Table legend: (Time is in decaauts)
 A = Elapsed time spent in this place.
 B = Non-inter-level travel time spent in this place.
 C = Inter-level travel time spent in this place.
 D = Time resting spent in this place.
 E = Time spent auto-exploring this place.
 F = Levels seen in this place.
 G = Mean time per level.
                   A        B        C        D        E       F      G
               +--------+--------+--------+--------+--------+-----+--------+
         Total |   1806 |   1772 |     34 |    466 |    857 |   2 |  903.0 |
       Dungeon |   1806 |   1772 |     34 |    466 |    857 |   2 |  903.0 |
               +--------+--------+--------+--------+--------+-----+--------+

Top non-repeatable levels by time:
     D:1: 1124 daAuts
     D:2: 682 daAuts
